Senateurs vs Rangers

Created - January 24, 2023 at 19:02

Goals
1 2 3 T
Senateurs 0 0 0 0
Rangers 2 2 1 5
Shots
1 2 3 T
Senateurs 9 13 7 29
Rangers 12 8 5 25

1st period

1. Rangers , Seth Griffith 1 (Magnus Paajarvi 6, Henrik Samuelsson 2) at 9:46
2. Rangers , Tomas Hertl 11 (Milan Lucic 17, Patrik Nemeth 7) at 12:08

Penalties :
Devante Smith-Pelly (NyR) for Holding (Minor) at 13:30

2nd period

3. Rangers , Devante Smith-Pelly 14 (Milan Lucic 18, Sean Couturier 25) at 1:27 (PP)
4. Rangers , Cale Makar 8 (Tomas Hertl 15) at 13:34 (PP)

Penalties :
Sidney Crosby (Ott) for Hooking (Minor) at 1:22, Evgeni Malkin (Ott) for Hooking (Minor) at 6:02, Taylor Chorney (Ott) for Cross-checking (Minor) at 12:43

3rd period

5. Rangers , Luke Schenn 2 (Cale Makar 25, Frederik Andersen) at 14:10

Penalties :
Jason Akeson (Ott) for Hooking (Minor) at 4:53, Ryan Strome (NyR) for Hooking (Minor) at 15:47

Goalie Stats

Brian Elliott (Ott), 6 saves from 7 shots - (0.857), 26:26 minutes
Jonathan Bernier (Ott), 14 saves from 18 shots - (0.778), L, 9-13-1, 33:34 minutes
Frederik Andersen (NyR), 29 saves from 29 shots - (1.000), W, 8-10-2, 60:00 minutes

Players Stats for Senateurs

Player Name              G  A  P  +/- PIM S  H  SB GA TA FO     MP     PP MP  PK MP  
------------------------------------------------------------------------------------
Brandon Sutter           0  0  0   0  0   1  0  0  0  0  2/6    15:42   2:09   0:58 
Cody Eakin               0  0  0  -1  0   1  2  0  0  0  0/2     8:34   0:00   0:00 
David Backes             0  0  0   0  0   2  0  0  1  0  0/0    18:09   1:49   0:00 
Eric Gelinas             0  0  0  -2  0   2  1  3  0  4  0/0    23:59   2:07   2:06 
Evgeni Malkin            0  0  0  -2  2   0  3  1  0  0  9/13   17:58   2:09   1:12 
Garnet Hathaway          0  0  0  -1  0   0  1  0  0  2  0/0     8:34   0:00   0:00 
Jared Cowen              0  0  0  -2  0   3  1  0  0  1  0/0    23:11   2:07   1:58 
Jason Akeson             0  0  0   0  2   1  3  0  0  0  0/0    12:01   0:00   0:00 
Jeff Woywitka            0  0  0   0  0   2  3  1  0  1  0/0    20:18   1:51   2:48 
Jordan Martinook         0  0  0  -1  0   0  3  0  0  0  0/1     9:52   0:00   0:43 
Ladislav Smid            0  0  0   0  0   2  0  1  1  0  0/0    20:04   1:51   2:48 
Michael Frolik           0  0  0  -2  0   4  2  0  0  1  0/0    16:45   2:09   0:00 
Michael Matheson         0  0  0  -1  0   1  0  1  0  1  0/0    15:12   0:00   0:00 
Rostislav Olesz          0  0  0   0  0   2  0  1  0  0  0/0    13:43   0:00   2:14 
Sean Bergenheim          0  0  0   0  0   1  3  1  0  0  0/2    20:20   1:49   2:37 
Sidney Crosby            0  0  0   0  2   4  2  0  2  0  17/32  19:46   1:49   2:04 
Taylor Chorney           0  0  0  -1  2   1  0  0  1  0  0/0    16:18   0:00   0:08 
Tim Schaller             0  0  0  -2  0   2  1  0  1  0  1/1    14:36   0:00   0:00 

Players Stats for Rangers

Player Name              G  A  P  +/- PIM S  H  SB GA TA FO     MP     PP MP  PK MP  
------------------------------------------------------------------------------------
Cale Makar               1  1  2   0  0   4  0  3  1  0  0/0    23:13   3:02   0:00 
Derrick Pouliot          0  0  0   3  0   0  0  1  0  0  0/0    17:30   0:00   1:51 
Devante Smith-Pelly      1  0  1   1  2   2  2  0  0  1  0/2    19:38   2:51   0:14 
Dmitry Kulikov           0  0  0   3  0   0  0  1  2  3  0/0    17:50   0:00   2:07 
Henrik Samuelsson        0  1  1   0  0   2  0  0  0  0  3/4     9:55   0:00   1:19 
Luke Schenn              1  0  1   0  0   2  1  1  0  1  0/0    23:55   1:52   1:51 
Magnus Paajarvi          0  1  1   0  0   0  1  1  0  0  0/0     9:13   0:00   0:37 
Milan Lucic              0  2  2   1  0   4  0  1  2  0  0/0    16:42   2:51   0:00 
Patrik Nemeth            0  1  1   0  0   0  0  2  0  0  0/0    19:21   1:52   2:07 
Richard Panik            0  0  0   1  0   1  2  1  0  0  1/2    18:27   2:03   0:00 
Ryan Dzingel             0  0  0   1  0   0  0  0  2  0  0/1    14:36   0:00   2:19 
Ryan Strome              0  0  0   1  2   1  2  0  0  0  0/1    15:56   2:03   0:00 
Sean Couturier           0  1  1   1  0   5  6  1  1  1  17/34  21:32   2:51   2:16 
Seth Griffith            1  0  1   1  0   1  1  0  0  0  1/4    12:22   0:00   0:09 
Stefan Noesen            0  0  0   0  0   0  1  2  1  0  0/0     8:31   0:00   0:00 
T.J Galiardi             0  0  0   1  0   0  0  0  1  0  1/1    13:15   0:00   1:02 
Tomas Hertl              1  1  2   1  0   2  1  0  0  0  5/8    15:53   2:03   0:00 
Vince Dunn               0  0  0   0  0   1  1  0  0  0  0/0    18:11   3:02   0:00 

3 Stars

1 - Frederik Andersen (NyR)
2 - Tomas Hertl (NyR)
3 - Cale Makar (NyR)

Power Play

Senateurs - 0 on 2 Attempt(s) - 0.00%
Rangers - 2 on 4 Attempt(s) - 50.00%

Penalty Kill

Senateurs - 2 on 4 Attempt(s) - 50.00% - Score 0 goal in Penalty Kill
Rangers - 2 on 2 Attempt(s) - 100.00% - Score 0 goal in Penalty Kill

Team Stat

Senateurs - Hits : 25 - Faceoff Wins : 29 - Blocked Shots : 9 - Penalty Minutes : 8
Rangers - Hits : 18 - Faceoff Wins : 28 - Blocked Shots : 14 - Penalty Minutes : 4

Official

Referees : Dan O'Rourke and Garrett Rank
Linesman : Libor Suchanek and Vaughan Rody

Game Notes

Brian Elliott enters game at 13:34 of 2nd period

Finance

Level 1 -- Attendance: 5174 (86.23%) -- Ticket Income $517,400
Level 2 -- Attendance: 4969 (99.38%) -- Ticket Income $298,140
Level 3 -- Attendance: 1745 (87.25%) -- Ticket Income $61,075
Level 4 -- Attendance: 3523 (88.08%) -- Ticket Income $88,075
Luxury Box -- Attendance: 914 (91.40%) -- Ticket Income $182,800
Game was played at the Madison Square Garden.
Total Attendance: 16325 (90.69%)
Total Ticket Income: $1,147,490
Other Income: $172,124
Total Income: $1,319,614

Senateurs

5 vs 5 Forward 
   Center                   Left Wing                Right Wing               Time % Phy DF OF 
 1 Sidney Crosby            Sean Bergenheim          David Backes             40     1   2  2  
 2 Evgeni Malkin            Tim Schaller             Michael Frolik           30     1   2  2  
 3 Brandon Sutter           Rostislav Olesz          Jason Akeson             20     1   2  2  
 4 Cody Eakin               Jordan Martinook         Garnet Hathaway          10     1   2  2  

5 vs 5 Defense 
   Defense                  Defense                                           Time % Phy DF OF 
 1 Jared Cowen              Eric Gelinas                                      40     1   2  2  
 2 Ladislav Smid            Jeff Woywitka                                     30     1   2  2  
 3 Taylor Chorney           Michael Matheson                                  30     1   2  2  
 4 Jared Cowen              Eric Gelinas                                      0      1   2  2  

PowerPlay Forward 
   Center                   Left Wing                Right Wing               Time % Phy DF OF 
 1 Sidney Crosby            Sean Bergenheim          David Backes             50     1   1  3  
 2 Evgeni Malkin            Brandon Sutter           Michael Frolik           50     1   1  3  

PowerPlay Defense
   Defense                  Defense                                           Time % Phy DF OF 
 1 Jared Cowen              Eric Gelinas                                      60     1   1  3  
 2 Ladislav Smid            Jeff Woywitka                                     40     1   1  3  

Penalty Kill 4 Players Forward 
   Center                   Wing                     Time % Phy DF OF 
 1 Sidney Crosby            Sean Bergenheim          50     1   4  0  
 2 Evgeni Malkin            Rostislav Olesz          50     1   4  0  

Penalty Kill 4 Players Defense
   Defense                  Defense                  Time % Phy DF OF 
 1 Jared Cowen              Eric Gelinas             50     1   4  0  
 2 Ladislav Smid            Jeff Woywitka            50     1   4  0  

Penalty Kill - 3 Players Forward 
   Forward                                           Time % Phy DF OF 
 1 Sidney Crosby                                     50     1   4  0  
 2 Evgeni Malkin                                     50     1   4  0  

Penalty Kill - 3 Players Defense
   Defense                  Defense                  Time % Phy DF OF 
 1 Jared Cowen              Eric Gelinas             50     1   4  0  
 2 Ladislav Smid            Jeff Woywitka            50     1   4  0  

4 vs 4 Forward 
   Center                   Wing                     Time % Phy DF OF 
 1 Sidney Crosby            David Backes             60     1   2  2  
 2 Evgeni Malkin            Michael Frolik           40     1   2  2  

4 vs 4 Defense
   Defense                  Defense                  Time % Phy DF OF 
 1 Jared Cowen              Eric Gelinas             60     1   2  2  
 2 Ladislav Smid            Jeff Woywitka            40     1   2  2  

Last Minutes Offensive
   Center                   Left Wing                Right Wing               Defense                  Defense                  
   Sidney Crosby            Sean Bergenheim          David Backes             Jared Cowen              Eric Gelinas             

Last Minutes Defensive
   Center                   Left Wing                Right Wing               Defense                  Defense                  
   Sidney Crosby            Sean Bergenheim          David Backes             Jared Cowen              Eric Gelinas             

Goaltenders
Starting : Jonathan Bernier         
Backup : Brian Elliott            

Extra Forwards
Normal : Sean Bergenheim, Brandon Sutter, Jason Akeson - PP : Sean Bergenheim, Brandon Sutter - PK : Sean Bergenheim
Extra Defensemen
Normal : Jeff Woywitka, Taylor Chorney, Michael Matheson - PP : Jeff Woywitka - PK : Jeff Woywitka, Taylor Chorney
Penalty Shots
Sidney Crosby, Evgeni Malkin, David Backes, Michael Frolik, Sean Bergenheim

Scratches
Anthony Bitetto (Healthy), Linden Vey (Healthy)

Rangers

5 vs 5 Forward 
   Center                   Left Wing                Right Wing               Time % Phy DF OF 
 1 Sean Couturier           Richard Panik            Devante Smith-Pelly      40     1   2  2  
 2 Tomas Hertl              Milan Lucic              Ryan Strome              30     1   2  2  
 3 Seth Griffith            Ryan Dzingel             T.J Galiardi             20     1   2  2  
 4 Henrik Samuelsson        Magnus Paajarvi          Stefan Noesen            10     1   2  2  

5 vs 5 Defense 
   Defense                  Defense                                           Time % Phy DF OF 
 1 Cale Makar               Luke Schenn                                       32     1   2  2  
 2 Vince Dunn               Patrik Nemeth                                     31     1   2  2  
 3 Dmitry Kulikov           Derrick Pouliot                                   27     1   2  2  
 4 Cale Makar               Luke Schenn                                       10     1   2  2  

PowerPlay Forward 
   Center                   Left Wing                Right Wing               Time % Phy DF OF 
 1 Sean Couturier           Milan Lucic              Devante Smith-Pelly      60     1   1  3  
 2 Tomas Hertl              Richard Panik            Ryan Strome              40     1   1  3  

PowerPlay Defense
   Defense                  Defense                                           Time % Phy DF OF 
 1 Cale Makar               Vince Dunn                                        60     1   1  3  
 2 Luke Schenn              Patrik Nemeth                                     40     1   1  3  

Penalty Kill 4 Players Forward 
   Center                   Wing                     Time % Phy DF OF 
 1 Sean Couturier           Ryan Dzingel             60     1   3  1  
 2 Henrik Samuelsson        T.J Galiardi             40     1   3  1  

Penalty Kill 4 Players Defense
   Defense                  Defense                  Time % Phy DF OF 
 1 Patrik Nemeth            Dmitry Kulikov           60     1   3  1  
 2 Luke Schenn              Derrick Pouliot          40     1   3  1  

Penalty Kill - 3 Players Forward 
   Forward                                           Time % Phy DF OF 
 1 Ryan Dzingel                                      60     1   3  1  
 2 T.J Galiardi                                      40     1   3  1  

Penalty Kill - 3 Players Defense
   Defense                  Defense                  Time % Phy DF OF 
 1 Patrik Nemeth            Dmitry Kulikov           60     1   3  1  
 2 Luke Schenn              Derrick Pouliot          40     1   2  2  

4 vs 4 Forward 
   Center                   Wing                     Time % Phy DF OF 
 1 Seth Griffith            Ryan Strome              60     1   2  2  
 2 Tomas Hertl              Milan Lucic              40     1   2  2  

4 vs 4 Defense
   Defense                  Defense                  Time % Phy DF OF 
 1 Luke Schenn              Vince Dunn               60     1   2  2  
 2 Cale Makar               Derrick Pouliot          40     1   2  2  

Last Minutes Offensive
   Center                   Left Wing                Right Wing               Defense                  Defense                  
   Sean Couturier           Milan Lucic              Ryan Strome              Luke Schenn              Cale Makar               

Last Minutes Defensive
   Center                   Left Wing                Right Wing               Defense                  Defense                  
   Sean Couturier           Milan Lucic              Ryan Strome              Luke Schenn              Dmitry Kulikov           

Goaltenders
Starting : Frederik Andersen        
Backup : Samuel Montembeault      

Extra Forwards
Normal : Devante Smith-Pelly, Richard Panik, T.J Galiardi - PP : Devante Smith-Pelly, Richard Panik - PK : Devante Smith-Pelly
Extra Defensemen
Normal : Cale Makar, Vince Dunn, Derrick Pouliot - PP : Cale Makar - PK : Cale Makar, Vince Dunn
Penalty Shots
Milan Lucic, Sean Couturier, Tomas Hertl, Ryan Strome, Devante Smith-Pelly

Scratches
Maxime Sauvé (Healthy), Mikhail Sergachev (Healthy)

% Time on Ice - Senateurs

Lines # - Real PCT - Wanted PCT - Time Play
Normal Forward
1 - 31% - 40% - 15:54
2 - 30% - 30% - 15:25
3 - 22% - 20% - 11:15
4 - 17% - 10% - 8:34
Normal Defense
1 - 39% - 40% - 20:00
2 - 31% - 30% - 15:38
3 - 30% - 30% - 15:30
4 - 0% - 0% - 0:00
PP Forward
1 - 46% - 50% - 1:49
2 - 54% - 50% - 2:09
PP Defense
1 - 53% - 60% - 2:07
2 - 47% - 40% - 1:51
PK Forward
1 - 44% - 50% - 2:09
2 - 56% - 50% - 2:45
PK Defense
1 - 43% - 50% - 2:06
2 - 57% - 50% - 2:48
PK3 Forward
1 - 0% - 50%
2 - 0% - 50%
PK3 Defense
1 - 0% - 50%
2 - 0% - 50%
44 Forward
1 - 0% - 60%
2 - 0% - 40%
44 Defense
1 - 0% - 60%
2 - 0% - 40%
Last Minute Offensive  - 0:00
Last Minute Defensive  - 0:00
Total
Forward - 60:00
Defense - 60:00

% Time on Ice - Rangers

Lines # - Real PCT - Wanted PCT - Time Play
Normal Forward
1 - 32% - 40% - 16:34
2 - 27% - 30% - 13:50
3 - 24% - 20% - 12:13
4 - 17% - 10% - 8:31
Normal Defense
1 - 32% - 32% - 16:17
2 - 33% - 31% - 16:41
3 - 29% - 27% - 14:49
4 - 7% - 10% - 3:21
PP Forward
1 - 58% - 60% - 2:51
2 - 42% - 40% - 2:03
PP Defense
1 - 62% - 60% - 3:02
2 - 38% - 40% - 1:52
PK Forward
1 - 74% - 60% - 2:56
2 - 26% - 40% - 1:02
PK Defense
1 - 53% - 60% - 2:07
2 - 47% - 40% - 1:51
PK3 Forward
1 - 0% - 60%
2 - 0% - 40%
PK3 Defense
1 - 0% - 60%
2 - 0% - 40%
44 Forward
1 - 0% - 60%
2 - 0% - 40%
44 Defense
1 - 0% - 60%
2 - 0% - 40%
Last Minute Offensive  - 0:00
Last Minute Defensive  - 0:00
Total
Forward - 60:00
Defense - 60:00

Play-by-Play

1st period


0:01 of 1st period - Sean Couturier wins face-off versus Sidney Crosby in neutral zone.
0:10 of 1st period - Wrist shot by Sean Couturier.
0:10 of 1st period - Shot Misses the Net.
0:12 of 1st period - Snap shot by Luke Schenn.
0:12 of 1st period - Stopped by Jonathan Bernier without a rebound.
0:13 of 1st period - Tomas Hertl wins face-off versus Evgeni Malkin in Senateurs zone.
0:22 of 1st period - Snap shot by Milan Lucic.
0:22 of 1st period - Shot Misses the Net.
0:40 of 1st period - Jason Akeson is hit by Seth Griffith and loses puck.
3:11 of 1st period - Backhand shot by Tomas Hertl.
3:11 of 1st period - Deflect By Milan Lucic.
3:11 of 1st period - Shot Misses the Net.
3:11 of 1st period - Puck is out of play.
3:12 of 1st period - Sean Couturier wins face-off versus Sidney Crosby in Senateurs zone.
3:15 of 1st period - Snap shot by Sean Couturier.
3:15 of 1st period - Stopped by Jonathan Bernier with a rebound.
3:17 of 1st period - Slapshot by Luke Schenn.
3:17 of 1st period - Deflect By Sean Couturier.
3:17 of 1st period - Shot Misses the Net.
3:17 of 1st period - Puck is out of play.
3:18 of 1st period - Sidney Crosby wins face-off versus Sean Couturier in Senateurs zone.
4:05 of 1st period - Slapshot by Luke Schenn.
4:05 of 1st period - Shot Misses the Net.
4:07 of 1st period - Snap shot by Cale Makar.
4:07 of 1st period - Stopped by Jonathan Bernier with a rebound.
4:27 of 1st period - Wrist shot by Rostislav Olesz.
4:27 of 1st period - Shot Misses the Net.
4:29 of 1st period - Wrist shot by Jason Akeson.
4:29 of 1st period - Stopped by Frederik Andersen without a rebound.
4:30 of 1st period - Sean Couturier wins face-off versus Brandon Sutter in Rangers zone.
4:51 of 1st period - Richard Panik is hit by Jason Akeson and loses puck.
5:00 of 1st period - Snap shot by Jason Akeson.
5:00 of 1st period - Shot Blocked by Patrik Nemeth.
5:20 of 1st period - Sean Couturier is hit by Jason Akeson and loses puck.
5:45 of 1st period - Snap shot by Jason Akeson.
5:45 of 1st period - Shot Misses the Net.
5:47 of 1st period - Wrist shot by Taylor Chorney.
5:47 of 1st period - Stopped by Frederik Andersen with a rebound.
6:11 of 1st period - Wrist shot by Devante Smith-Pelly.
6:11 of 1st period - Stopped by Jonathan Bernier with a rebound.
6:29 of 1st period - Snap shot by Jason Akeson.
6:29 of 1st period - Deflect By Rostislav Olesz.
6:29 of 1st period - Stopped by Frederik Andersen without a rebound.
6:30 of 1st period - Seth Griffith wins face-off versus Sidney Crosby in Rangers zone.
6:41 of 1st period - Snap shot by Sidney Crosby.
6:41 of 1st period - Deflect By Sean Bergenheim.
6:41 of 1st period - Stopped by Frederik Andersen without a rebound.
6:42 of 1st period - T.J Galiardi wins face-off versus Sidney Crosby in Rangers zone.
7:30 of 1st period - Icing by Magnus Paajarvi.
7:31 of 1st period - Henrik Samuelsson wins face-off versus Cody Eakin in Rangers zone.
8:09 of 1st period - Slapshot by Jared Cowen.
8:09 of 1st period - Stopped by Frederik Andersen with a rebound.
8:11 of 1st period - Slapshot by Eric Gelinas.
8:11 of 1st period - Shot Blocked by Stefan Noesen.
8:13 of 1st period - Wrist shot by Cody Eakin.
8:13 of 1st period - Stopped by Frederik Andersen without a rebound.
8:14 of 1st period - Sidney Crosby wins face-off versus Tomas Hertl in Rangers zone.
9:23 of 1st period - Eric Gelinas is hit by Stefan Noesen and loses puck.
9:46 of 1st period - Wrist shot by Seth Griffith.
9:46 of 1st period - Goal by Seth Griffith - Senateurs : 0 - Rangers : 1.
9:47 of 1st period - Sean Couturier wins face-off versus Sidney Crosby in neutral zone.
9:59 of 1st period - Snap shot by Sidney Crosby.
9:59 of 1st period - Shot Misses the Net.
10:01 of 1st period - Snap shot by Sean Bergenheim.
10:01 of 1st period - Shot Blocked by Richard Panik.
10:03 of 1st period - Wrist shot by Sidney Crosby.
10:03 of 1st period - Stopped by Frederik Andersen with a rebound.
10:37 of 1st period - Cale Makar is hit by Jordan Martinook and loses puck.
10:52 of 1st period - Slapshot by Sidney Crosby.
10:52 of 1st period - Shot Blocked by Magnus Paajarvi.
11:14 of 1st period - Wrist shot by Sean Couturier.
11:14 of 1st period - Stopped by Jonathan Bernier with a rebound.
11:16 of 1st period - Slapshot by Richard Panik.
11:16 of 1st period - Shot Misses the Net.
11:30 of 1st period - Snap shot by Milan Lucic.
11:30 of 1st period - Shot Misses the Net.
11:32 of 1st period - Slapshot by Patrik Nemeth.
11:32 of 1st period - Deflect By Tomas Hertl.
11:32 of 1st period - Shot Misses the Net.
11:32 of 1st period - Puck is out of play.
11:33 of 1st period - Evgeni Malkin wins face-off versus Tomas Hertl in Senateurs zone.
11:50 of 1st period - Wrist shot by Tomas Hertl.
11:50 of 1st period - Shot Blocked by Evgeni Malkin.
11:54 of 1st period - Wrist shot by Milan Lucic.
11:54 of 1st period - Shot Misses the Net.
11:56 of 1st period - Slapshot by Milan Lucic.
11:56 of 1st period - Stopped by Jonathan Bernier with a rebound.
12:06 of 1st period - Wrist shot by Milan Lucic.
12:06 of 1st period - Stopped by Jonathan Bernier with a rebound.
12:08 of 1st period - Wrist shot by Tomas Hertl.
12:08 of 1st period - Goal by Tomas Hertl - Senateurs : 0 - Rangers : 2.
12:09 of 1st period - Sean Couturier wins face-off versus Sidney Crosby in neutral zone.
12:12 of 1st period - Wrist shot by Richard Panik.
12:12 of 1st period - Shot Blocked by Ladislav Smid.
12:36 of 1st period - T.J Galiardi is hit by Michael Frolik and loses puck.
13:03 of 1st period - Patrik Nemeth is hit by Cody Eakin.
13:07 of 1st period - Backhand shot by Cody Eakin.
13:07 of 1st period - Shot Misses the Net.
13:19 of 1st period - Snap shot by Sidney Crosby.
13:19 of 1st period - Stopped by Frederik Andersen without a rebound.
13:20 of 1st period - Sidney Crosby wins face-off versus Sean Couturier in Rangers zone.
13:30 of 1st period - Minor Penalty to Devante Smith-Pelly for Holding.
13:31 of 1st period - Sean Couturier wins face-off versus Sidney Crosby in Rangers zone.
15:30 of 1st period - Penalty to Devante Smith-Pelly is over, Devante Smith-Pelly is back on ice.
15:47 of 1st period - Wrist shot by Jordan Martinook.
15:47 of 1st period - Shot Misses the Net.
15:56 of 1st period - Icing by Luke Schenn.
15:57 of 1st period - Tomas Hertl wins face-off versus Brandon Sutter in Rangers zone.
16:24 of 1st period - Ryan Dzingel is hit by Jordan Martinook and loses puck.
16:37 of 1st period - Backhand shot by Ryan Dzingel.
16:37 of 1st period - Shot Misses the Net.
17:06 of 1st period - Wrist shot by Tomas Hertl.
17:06 of 1st period - Shot Blocked by Michael Matheson.
17:08 of 1st period - Snap shot by Tomas Hertl.
17:08 of 1st period - Shot Misses the Net.
17:10 of 1st period - Slapshot by Derrick Pouliot.
17:10 of 1st period - Deflect By Milan Lucic.
17:10 of 1st period - Shot Blocked by Sean Bergenheim.
17:10 of 1st period - Puck is out of play.
17:11 of 1st period - Evgeni Malkin wins face-off versus Sean Couturier in Senateurs zone.
17:11 of 1st period - Evgeni Malkin is hit by Sean Couturier.
17:27 of 1st period - Slapshot by Vince Dunn.
17:27 of 1st period - Stopped by Jonathan Bernier without a rebound.
17:28 of 1st period - Sidney Crosby wins face-off versus Seth Griffith in Senateurs zone.
17:37 of 1st period - Snap shot by David Backes.
17:37 of 1st period - Shot Blocked by Derrick Pouliot.
18:35 of 1st period - Off-side.
18:36 of 1st period - Brandon Sutter wins face-off versus Seth Griffith in neutral zone.
18:49 of 1st period - Slapshot by Brandon Sutter.
18:49 of 1st period - Shot Blocked by Luke Schenn.
18:51 of 1st period - Snap shot by Brandon Sutter.
18:51 of 1st period - Stopped by Frederik Andersen with a rebound.
19:12 of 1st period - Snap shot by Milan Lucic.
19:12 of 1st period - Shot Misses the Net.
19:14 of 1st period - Wrist shot by Milan Lucic.
19:14 of 1st period - Stopped by Jonathan Bernier without a rebound.
19:15 of 1st period - Sean Couturier wins face-off versus Evgeni Malkin in Senateurs zone.
19:20 of 1st period - Snap shot by Richard Panik.
19:20 of 1st period - Stopped by Jonathan Bernier without a rebound.
19:21 of 1st period - Tim Schaller wins face-off versus Sean Couturier in Senateurs zone.
Goals for this period are 0 for Senateurs vs 2 for Rangers.
Shots for this period are 9 for Senateurs vs 12 for Rangers.

2nd period


0:01 of 2nd period - Sidney Crosby wins face-off versus Devante Smith-Pelly in neutral zone.
0:06 of 2nd period - Snap shot by David Backes.
0:06 of 2nd period - Shot Misses the Net.
0:36 of 2nd period - Snap shot by Michael Frolik.
0:36 of 2nd period - Deflect By Tim Schaller.
0:36 of 2nd period - Stopped by Frederik Andersen with a rebound.
0:52 of 2nd period - Eric Gelinas is hit by Tomas Hertl and loses puck.
1:13 of 2nd period - Wrist shot by David Backes.
1:13 of 2nd period - Stopped by Frederik Andersen without a rebound.
1:14 of 2nd period - Henrik Samuelsson wins face-off versus Sidney Crosby in Rangers zone.
1:22 of 2nd period - Minor Penalty to Sidney Crosby for Hooking.
1:23 of 2nd period - Sean Couturier wins face-off versus Brandon Sutter in Senateurs zone.
1:25 of 2nd period - Wrist shot by Milan Lucic.
1:25 of 2nd period - Shot Misses the Net.
1:27 of 2nd period - Snap shot by Devante Smith-Pelly.
1:27 of 2nd period - Goal by Devante Smith-Pelly - Senateurs : 0 - Rangers : 3.
1:28 of 2nd period - Sean Couturier wins face-off versus Sidney Crosby in neutral zone.
1:31 of 2nd period - Sean Bergenheim is hit by Devante Smith-Pelly and loses puck.
1:38 of 2nd period - Snap shot by Sean Couturier.
1:38 of 2nd period - Stopped by Jonathan Bernier without a rebound.
1:39 of 2nd period - Sidney Crosby wins face-off versus Devante Smith-Pelly in Senateurs zone.
1:44 of 2nd period - Slapshot by Jared Cowen.
1:44 of 2nd period - Shot Blocked by Patrik Nemeth.
1:46 of 2nd period - Slapshot by Eric Gelinas.
1:46 of 2nd period - Stopped by Frederik Andersen with a rebound.
1:48 of 2nd period - Slapshot by Eric Gelinas.
1:48 of 2nd period - Deflect By Devante Smith-Pelly.
1:48 of 2nd period - Stopped by Frederik Andersen with a rebound.
1:50 of 2nd period - Snap shot by David Backes.
1:50 of 2nd period - Stopped by Frederik Andersen without a rebound.
1:51 of 2nd period - Sean Couturier wins face-off versus Sidney Crosby in Rangers zone.
1:51 of 2nd period - Sean Couturier is hit by Jeff Woywitka.
1:58 of 2nd period - Devante Smith-Pelly is hit by Sean Bergenheim and loses puck.
2:19 of 2nd period - Snap shot by Tomas Hertl.
2:19 of 2nd period - Shot Misses the Net.
2:21 of 2nd period - Snap shot by Ryan Strome.
2:21 of 2nd period - Stopped by Jonathan Bernier with a rebound.
3:09 of 2nd period - Magnus Paajarvi is hit by Jordan Martinook and loses puck.
3:46 of 2nd period - Snap shot by Michael Frolik.
3:46 of 2nd period - Stopped by Frederik Andersen with a rebound.
3:48 of 2nd period - Slapshot by Michael Matheson.
3:48 of 2nd period - Stopped by Frederik Andersen without a rebound.
3:49 of 2nd period - Sidney Crosby wins face-off versus Sean Couturier in Rangers zone.
4:00 of 2nd period - Sean Couturier is hit by Sidney Crosby and loses puck.
4:46 of 2nd period - Snap shot by Cale Makar.
4:46 of 2nd period - Shot Blocked by Eric Gelinas.
5:29 of 2nd period - Jeff Woywitka is hit by Magnus Paajarvi and loses puck.
6:02 of 2nd period - Minor Penalty to Evgeni Malkin for Hooking.
6:03 of 2nd period - Sean Couturier wins face-off versus Sean Bergenheim in Senateurs zone.
6:30 of 2nd period - Slapshot by Tomas Hertl.
6:30 of 2nd period - Shot Misses the Net.
6:32 of 2nd period - Slapshot by Richard Panik.
6:32 of 2nd period - Shot Blocked by Jeff Woywitka.
6:38 of 2nd period - Snap shot by Tomas Hertl.
6:38 of 2nd period - Shot Misses the Net.
7:38 of 2nd period - Sean Couturier is hit by Sean Bergenheim.
7:56 of 2nd period - Ladislav Smid is hit by Devante Smith-Pelly and loses puck.
8:02 of 2nd period - Penalty to Evgeni Malkin is over, Evgeni Malkin is back on ice.
8:07 of 2nd period - Slapshot by Jeff Woywitka.
8:07 of 2nd period - Shot Misses the Net.
8:12 of 2nd period - Off-side.
8:13 of 2nd period - Evgeni Malkin wins face-off versus Ryan Dzingel in neutral zone.
8:44 of 2nd period - Off-side.
8:45 of 2nd period - Sean Couturier wins face-off versus Sidney Crosby in neutral zone.
8:48 of 2nd period - Jared Cowen is hit by Richard Panik and loses puck.
9:11 of 2nd period - Cale Makar is hit by Eric Gelinas and loses puck.
10:00 of 2nd period - Slapshot by Jared Cowen.
10:00 of 2nd period - Shot Blocked by Dmitry Kulikov.
10:33 of 2nd period - Richard Panik is hit by Michael Frolik and loses puck.
10:44 of 2nd period - Slapshot by Evgeni Malkin.
10:44 of 2nd period - Deflect By Michael Frolik.
10:44 of 2nd period - Stopped by Frederik Andersen with a rebound.
11:36 of 2nd period - Cale Makar is hit by Jeff Woywitka and loses puck.
11:41 of 2nd period - Slapshot by Cale Makar.
11:41 of 2nd period - Shot Misses the Net.
11:43 of 2nd period - Slapshot by Luke Schenn.
11:43 of 2nd period - Shot Misses the Net.
11:45 of 2nd period - Snap shot by Seth Griffith.
11:45 of 2nd period - Shot Misses the Net.
12:31 of 2nd period - Wrist shot by Cale Makar.
12:31 of 2nd period - Stopped by Jonathan Bernier without a rebound.
12:32 of 2nd period - Brandon Sutter wins face-off versus Sean Couturier in Senateurs zone.
12:32 of 2nd period - Brandon Sutter is hit by Sean Couturier.
12:40 of 2nd period - Snap shot by Sean Couturier.
12:40 of 2nd period - Stopped by Jonathan Bernier without a rebound.
12:41 of 2nd period - Sidney Crosby wins face-off versus Sean Couturier in Senateurs zone.
12:43 of 2nd period - Minor Penalty to Taylor Chorney for Cross-checking.
12:44 of 2nd period - Sidney Crosby wins face-off versus Sean Couturier in Senateurs zone.
12:53 of 2nd period - Icing by Cale Makar.
12:54 of 2nd period - Sean Couturier wins face-off versus Sidney Crosby in Rangers zone.
13:07 of 2nd period - Wrist shot by Sidney Crosby.
13:07 of 2nd period - Stopped by Frederik Andersen with a rebound.
13:09 of 2nd period - Slapshot by Jeff Woywitka.
13:09 of 2nd period - Stopped by Frederik Andersen with a rebound.
13:11 of 2nd period - Slapshot by Sidney Crosby.
13:11 of 2nd period - Shot Misses the Net.
13:13 of 2nd period - Slapshot by Ladislav Smid.
13:13 of 2nd period - Stopped by Frederik Andersen with a rebound.
13:15 of 2nd period - Slapshot by Jeff Woywitka.
13:15 of 2nd period - Shot Misses the Net.
13:17 of 2nd period - Wrist shot by Ladislav Smid.
13:17 of 2nd period - Stopped by Frederik Andersen without a rebound.
13:18 of 2nd period - Richard Panik wins face-off versus Evgeni Malkin in Rangers zone.
13:25 of 2nd period - Evgeni Malkin is hit by Ryan Strome and loses puck.
13:34 of 2nd period - Snap shot by Cale Makar.
13:34 of 2nd period - Goal by Cale Makar - Senateurs : 0 - Rangers : 4.
13:34 of 2nd period - Brian Elliott enters game.
13:35 of 2nd period - Sidney Crosby wins face-off versus Richard Panik in neutral zone.
13:45 of 2nd period - Snap shot by Sidney Crosby.
13:45 of 2nd period - Shot Blocked by Cale Makar.
13:47 of 2nd period - Snap shot by Sidney Crosby.
13:47 of 2nd period - Shot Blocked by Cale Makar.
13:49 of 2nd period - Slapshot by Eric Gelinas.
13:49 of 2nd period - Shot Blocked by Cale Makar.
13:51 of 2nd period - Wrist shot by Eric Gelinas.
13:51 of 2nd period - Shot Blocked by Sean Couturier.
14:26 of 2nd period - Slapshot by Cale Makar.
14:26 of 2nd period - Stopped by Brian Elliott without a rebound.
14:27 of 2nd period - Sidney Crosby wins face-off versus Sean Couturier in Senateurs zone.
15:05 of 2nd period - Slapshot by T.J Galiardi.
15:05 of 2nd period - Shot Blocked by Eric Gelinas.
15:07 of 2nd period - Slapshot by Patrik Nemeth.
15:07 of 2nd period - Shot Misses the Net.
15:39 of 2nd period - Wrist shot by Jordan Martinook.
15:39 of 2nd period - Shot Misses the Net.
15:56 of 2nd period - Off-side.
15:57 of 2nd period - Sidney Crosby wins face-off versus Sean Couturier in neutral zone.
15:59 of 2nd period - Off-side.
16:00 of 2nd period - Sean Couturier wins face-off versus Sean Bergenheim in neutral zone.
16:52 of 2nd period - Off-side.
16:53 of 2nd period - Evgeni Malkin wins face-off versus Sean Couturier in neutral zone.
17:02 of 2nd period - Wrist shot by Michael Frolik.
17:02 of 2nd period - Stopped by Frederik Andersen without a rebound.
17:03 of 2nd period - Sean Couturier wins face-off versus Evgeni Malkin in Rangers zone.
17:26 of 2nd period - Patrik Nemeth is hit by Tim Schaller.
17:29 of 2nd period - Off-side.
17:30 of 2nd period - Sidney Crosby wins face-off versus Ryan Strome in neutral zone.
17:35 of 2nd period - Ryan Strome is hit by Sean Bergenheim and loses puck.
18:21 of 2nd period - Patrik Nemeth is hit by Jared Cowen and loses puck.
18:38 of 2nd period - Snap shot by Henrik Samuelsson.
18:38 of 2nd period - Stopped by Brian Elliott without a rebound.
18:39 of 2nd period - Henrik Samuelsson wins face-off versus Cody Eakin in Senateurs zone.
19:04 of 2nd period - Sean Bergenheim is hit by Sean Couturier and loses puck.
Goals for this period are 0 for Senateurs vs 2 for Rangers.
Shots for this period are 13 for Senateurs vs 8 for Rangers.

3rd period


0:01 of 3rd period - Sidney Crosby wins face-off versus Sean Couturier in neutral zone.
1:13 of 3rd period - Wrist shot by Henrik Samuelsson.
1:13 of 3rd period - Stopped by Brian Elliott with a rebound.
2:09 of 3rd period - Wrist shot by Tomas Hertl.
2:09 of 3rd period - Shot Blocked by Eric Gelinas.
2:29 of 3rd period - Eric Gelinas is hit by Luke Schenn and loses puck.
2:46 of 3rd period - Slapshot by Jared Cowen.
2:46 of 3rd period - Stopped by Frederik Andersen with a rebound.
3:06 of 3rd period - Snap shot by Sean Bergenheim.
3:06 of 3rd period - Deflect By Sidney Crosby.
3:06 of 3rd period - Stopped by Frederik Andersen with a rebound.
3:24 of 3rd period - Snap shot by Rostislav Olesz.
3:24 of 3rd period - Stopped by Frederik Andersen with a rebound.
4:26 of 3rd period - Sean Bergenheim is hit by Sean Couturier and loses puck.
4:45 of 3rd period - Tomas Hertl is hit by Jason Akeson and loses puck.
4:53 of 3rd period - Minor Penalty to Jason Akeson for Hooking.
4:54 of 3rd period - Sidney Crosby wins face-off versus Sean Couturier in Senateurs zone.
5:08 of 3rd period - Rostislav Olesz is hit by Sean Couturier and loses puck.
5:41 of 3rd period - Snap shot by Ladislav Smid.
5:41 of 3rd period - Shot Blocked by Milan Lucic.
6:53 of 3rd period - Penalty to Jason Akeson is over, Jason Akeson is back on ice.
8:14 of 3rd period - Slapshot by Michael Frolik.
8:14 of 3rd period - Shot Blocked by Stefan Noesen.
8:20 of 3rd period - Michael Frolik is hit by Vince Dunn and loses puck.
9:52 of 3rd period - Seth Griffith is hit by Jeff Woywitka and loses puck.
10:23 of 3rd period - Sean Couturier is hit by Evgeni Malkin and loses puck.
11:22 of 3rd period - Ryan Strome is hit by Garnet Hathaway.
11:26 of 3rd period - Ryan Strome is hit by Cody Eakin and loses puck.
11:33 of 3rd period - Snap shot by Jordan Martinook.
11:33 of 3rd period - Shot Misses the Net.
11:45 of 3rd period - Sean Couturier is hit by Evgeni Malkin and loses puck.
11:52 of 3rd period - Michael Frolik is hit by Sean Couturier and loses puck.
12:27 of 3rd period - Patrik Nemeth is hit by Sidney Crosby and loses puck.
12:40 of 3rd period - Henrik Samuelsson is hit by Evgeni Malkin and loses puck.
12:48 of 3rd period - Off-side.
12:49 of 3rd period - Tomas Hertl wins face-off versus Brandon Sutter in neutral zone.
13:17 of 3rd period - Off-side.
13:18 of 3rd period - Sidney Crosby wins face-off versus Seth Griffith in neutral zone.
13:47 of 3rd period - Slapshot by Luke Schenn.
13:47 of 3rd period - Shot Blocked by Rostislav Olesz.
14:10 of 3rd period - Slapshot by Luke Schenn.
14:10 of 3rd period - Goal by Luke Schenn - Senateurs : 0 - Rangers : 5.
14:11 of 3rd period - Sean Couturier wins face-off versus Sidney Crosby in neutral zone.
14:38 of 3rd period - Jared Cowen is hit by Ryan Strome and loses puck.
15:01 of 3rd period - Snap shot by Jordan Martinook.
15:01 of 3rd period - Shot Misses the Net.
15:03 of 3rd period - Slapshot by Jeff Woywitka.
15:03 of 3rd period - Deflect By Garnet Hathaway.
15:03 of 3rd period - Shot Misses the Net.
15:03 of 3rd period - Puck is out of play.
15:04 of 3rd period - Sean Couturier wins face-off versus Jordan Martinook in Rangers zone.
15:11 of 3rd period - Wrist shot by Sean Couturier.
15:11 of 3rd period - Stopped by Brian Elliott without a rebound.
15:12 of 3rd period - Sidney Crosby wins face-off versus Sean Couturier in Senateurs zone.
15:47 of 3rd period - Minor Penalty to Ryan Strome for Hooking.
15:48 of 3rd period - Evgeni Malkin wins face-off versus Sean Couturier in Rangers zone.
16:25 of 3rd period - Slapshot by Jared Cowen.
16:25 of 3rd period - Stopped by Frederik Andersen without a rebound.
16:26 of 3rd period - Evgeni Malkin wins face-off versus Henrik Samuelsson in Rangers zone.
16:48 of 3rd period - Icing by Jeff Woywitka.
16:49 of 3rd period - Evgeni Malkin wins face-off versus Sean Couturier in Senateurs zone.
17:47 of 3rd period - Penalty to Ryan Strome is over, Ryan Strome is back on ice.
17:50 of 3rd period - Snap shot by Ryan Strome.
17:50 of 3rd period - Deflect By Devante Smith-Pelly.
17:50 of 3rd period - Shot Misses the Net.
17:50 of 3rd period - Puck is out of play.
17:51 of 3rd period - Tomas Hertl wins face-off versus Sidney Crosby in Senateurs zone.
18:33 of 3rd period - Wrist shot by Michael Frolik.
18:33 of 3rd period - Stopped by Frederik Andersen without a rebound.
18:34 of 3rd period - Evgeni Malkin wins face-off versus Tomas Hertl in Rangers zone.
18:35 of 3rd period - Slapshot by Tim Schaller.
18:35 of 3rd period - Stopped by Frederik Andersen with a rebound.
18:43 of 3rd period - Wrist shot by Tomas Hertl.
18:43 of 3rd period - Deflect By Milan Lucic.
18:43 of 3rd period - Shot Misses the Net.
18:43 of 3rd period - Puck is out of play.
18:44 of 3rd period - Tomas Hertl wins face-off versus Sidney Crosby in Senateurs zone.
19:07 of 3rd period - Snap shot by Tomas Hertl.
19:07 of 3rd period - Stopped by Brian Elliott with a rebound.
19:09 of 3rd period - Wrist shot by Milan Lucic.
19:09 of 3rd period - Shot Misses the Net.
19:11 of 3rd period - Wrist shot by Milan Lucic.
19:11 of 3rd period - Stopped by Brian Elliott without a rebound.
19:12 of 3rd period - Evgeni Malkin wins face-off versus Sean Couturier in Senateurs zone.
19:33 of 3rd period - Evgeni Malkin is hit by Richard Panik and loses puck.
19:48 of 3rd period - Slapshot by Jeff Woywitka.
19:48 of 3rd period - Stopped by Frederik Andersen with a rebound.
Goals for this period are 0 for Senateurs vs 1 for Rangers.
Shots for this period are 7 for Senateurs vs 5 for Rangers.